 Dungeon Crawl Stone Soup version 0.18.1-50-g88ac8fd (webtiles) character file.

723 PossumBlood the Skirmisher (level 8, -8/65 HPs)
             Began as a Formicid Fighter on Sept 19, 2016.
             Mangled by Menkaure (18 damage)
             ... on level 5 of the Dungeon.
             The game lasted 00:05:46 (3481 turns).

PossumBlood the Skirmisher (Formicid Fighter)       Turns: 3481, Time: 00:05:47

Health: -8/65      AC:  7    Str: 23    XL:     8   Next: 2%
Magic:  8/8        EV:  8    Int:  8    God:
Gold:   235        SH: 12    Dex: 10    Spells: 0 memorised, 7 levels left

rFire  x . .     SeeInvis +     a - +0 war axe
rCold  + . .     Gourm    .     b - +0 scale mail
rNeg   . . .     Faith    .     m - +2 shield
rPois  .         Spirit   .     (helmet unavailable)
rElec  .         Dismiss  .     (no cloak)
rCorr  .         Reflect  .     (no gloves)
SustAt .         Harm     .     (no boots)
MR     .....                    (no amulet)
Stlth  ..........               (no ring)
                                w - ring of ice

@: not resistant to hostile enchantments, extremely unstealthy
A: permanent stasis, dig shafts and tunnels, four strong arms, antennae 3
a: Dig, Shaft Self


You were on level 5 of the Dungeon.
You were not hungry.

You visited 1 branch of the dungeon, and saw 5 of its levels.

You collected 235 gold pieces.

Inventory:

Hand Weapons
 a - a +0 war axe (weapon)
 d - a +0 spear of freezing
Missiles
 e - 7 tomahawks (quivered)
Armour
 b - a +0 scale mail (worn)
 c - a +1 shield
 m - a +2 shield (worn)
Jewellery
 w - a ring of ice (left hand)
Wands
 v - a wand of digging (14/24)
Scrolls
 i - 2 scrolls of teleportation
 u - a scroll of recharging {unknown}
Potions
 g - a potion of mutation {unknown}
 h - a potion of might
 j - 3 potions of heal wounds
 k - 2 potions of curing {unknown}
 l - a potion of ambrosia {unknown}
 n - 2 potions of cancellation {unknown}
 o - a potion of flight {unknown}
 q - a potion of brilliance {unknown}
 r - 2 potions of invisibility {unknown}
 s - a potion of degeneration {unknown}
 t - a potion of berserk rage {unknown}
Comestibles
 f - 4 bread rations
 p - a royal jelly


   Skills:
 * Level 6.7 Fighting
 + Level 4.0 Axes
 + Level 5.1 Armour
 + Level 5.5 Shields


You had 7 spell levels left.
You didn't know any spells.

Dungeon Overview and Level Annotations

Branches:
Dungeon (5/15)
 Temple: D:4-7

Altars:
Cheibriados

Annotations:
D:5 Menkaure


Innate Abilities, Weirdness & Mutations

You are under a permanent stasis effect.
You can dig through walls and to a lower floor.
Your four strong arms can wield two-handed weapons with a shield.
You have a pair of large antennae on your head (SInv).


Message History

You closely miss the ice beast.
The ice beast is heavily wounded.
You barely miss the giant frog skeleton.
You block the giant frog skeleton's attack.
Menkaure closely misses you.
The ice beast hits you but does no damage.
The giant frog skeleton hits you but does no damage.
You hit Menkaure but do no damage.
Menkaure is almost destroyed.
You hit the ice beast.
The ice beast is heavily wounded.
You hit the giant frog skeleton.
Menkaure says, "Why can't you leave me to my rest?"
You block Menkaure's attack. The ice beast hits you.
* * * LOW HITPOINT WARNING * * *
The ice beast freezes you. You resist.
* * * LOW HITPOINT WARNING * * *
The giant frog skeleton hits you but does no damage.
Menkaure hits you!!
You die...

###.....# ##.......#
#..#.....###
#.#####..... ## ##.##
#..... ##.#### #...#
#..... ####.....###...#
#.....
...?...........####....)
......Y@####......#.....
......ZM# ##...#.######
....<...# #.#...#
........# #.##..##
........# ##.###..##
........# #<.# #...##
........# #..## ##...###
###########.## #......
##... ##....#


You could see an ice beast, Menkaure and a giant frog skeleton.

Vanquished Creatures
  An ice beast (D:5)
  The ghost of Drunkenshrew the Gusty, an amateur TeAE (D:3)
  2 scorpions (D:4)
  A hound (D:5)
  A giant frog skeleton (D:5)
  An orc priest (D:3)
  An orc wizard (D:3)
  Jessica (D:2)
  2 iguanas (D:5)
  2 worker ants
  A hound zombie (D:5)
  A hound skeleton (D:5)
  A worker ant zombie (D:5)
  8 adders
  An ooze (D:1)
  2 worms (D:4)
  A dart slug (D:2)
  4 giant geckos
  19 orcs
  9 bats
  2 giant cockroaches
  2 goblins
  4 hobgoblins
  5 jackals (D:4)
  9 kobolds
  3 quokkas
  5 ball pythons
  4 giant newts
  8 rats
102 creatures vanquished.

Notes
Turn   | Place    | Note
--------------------------------------------------------------
     0 | D:1      | PossumBlood the Formicid Fighter began the quest for the Orb.
     0 | D:1      | Reached XP level 1. HP: 18/18 MP: 1/1
   137 | D:1      | Reached XP level 2. HP: 22/24 MP: 2/2
   449 | D:1      | Reached XP level 3. HP: 27/30 MP: 3/3
   624 | D:2      | Reached skill level 4 in Fighting
   703 | D:2      | Noticed Jessica
   716 | D:2      | Killed Jessica
   716 | D:2      | Reached XP level 4. HP: 6/38 MP: 4/4
  1302 | D:2      | Reached XP level 5. HP: 38/43 MP: 5/5
  1537 | D:3      | Reached skill level 5 in Fighting
  1747 | D:3      | Noticed Drunkenshrew's ghost (amateur TeAE)
  1762 | D:3      | Killed Drunkenshrew's ghost
  1762 | D:3      | Reached XP level 6. HP: 18/51 MP: 6/6
  2938 | D:4      | Reached XP level 7. HP: 49/57 MP: 7/7
  3002 | D:4      | Reached skill level 5 in Shields
  3035 | D:4      | Reached skill level 6 in Fighting
  3226 | D:5      | Entered Level 5 of the Dungeon
  3368 | D:5      | Reached skill level 5 in Armour
  3420 | D:5      | Found a snail-covered altar of Cheibriados.
  3439 | D:5      | Reached XP level 8. HP: 60/65 MP: 8/8
  3472 | D:5      | Noticed Menkaure
  3481 | D:5      | Mangled by Menkaure

Skill      XL: |  1  2  3  4  5  6  7 |
---------------+----------------------+-----
Fighting       | 4 5 6 |  6.7
Shields        | 4 5 |  5.5
Axes           | 3 4 |  4.0
Armour         | 4 5 |  5.1

Action                   |  1- 3 |  4- 6 |  7- 9 || total
-------------------------+-------+-------+-------++-------
Melee: War axe           |    91 |   173 |    89 ||   353
  Use: Scroll            |       |     8 |       ||     8
       Potion            |       |     1 |       ||     1
  Eat: Bread ration      |       |     2 |       ||     2
Armor: Scale mail        |    52 |    75 |    30 ||   157
Dodge: Dodged            |    33 |    45 |    30 ||   108
Block: Shield            |    61 |   119 |    71 ||   251
